 Dungeon Crawl Stone Soup version 0.24.0-125-gc4c63601f3 (webtiles) character file.

Game seed: 13094020889667662000, levelgen mode: deterministic

5508 Peloso the Carver (level 10, -26/90 HPs)
             Began as a Minotaur Fighter on Mar 21, 2020.
             Was a Priest of Okawaru.
             Annihilated by an orc knight
             ... wielding a +0 glaive
              (27 damage)
             ... in a bailey.
             The game lasted 00:19:30 (7693 turns).

Peloso the Carver (Minotaur Fighter)                Turns: 7693, Time: 00:19:31

Health: -26/90     AC: 21    Str: 23    XL:     10   Next: 43%
Magic:  7/9        EV: 12    Int:  5    God:    Okawaru [***...]
Gold:   350        SH: 14    Dex: 11    Spells: 9/9 levels left

rFire    . . .     SeeInvis .   a - +1 long sword (freeze)
rCold    . . .     Gourm    .   c - +0 shield
rNeg     + . .     Faith    .   d - +3 chain mail
rPois    .         Spirit   .   (helmet restricted)
rElec    .         Reflect  .   E - +2 cloak
rCorr    .         Harm     .   e - +0 pair of gloves
MR       .....                  (no boots)
Stlth    ..........             (no amulet)
HPRegen  0.25/turn              k - ring of positive energy
MPRegen  0.11/turn              D - ring of flight

@: heroism
A: retaliatory headbutt, horns 2
a: Heroism, Renounce Religion, Evoke Flight


You were in a bailey.
You worshipped Okawaru.
Okawaru was most pleased with you.
You were not hungry.

You visited 2 branches of the dungeon, and saw 10 of its levels.
You also visited: Bailey.

You collected 558 gold pieces.
You spent 208 gold pieces at shops.

Inventory:

Hand Weapons
 a - a +1 long sword of freezing (weapon)
 b - a +0 dagger of flaming
Armour
 c - a +0 shield (worn)
 d - a +3 chain mail (worn)
 e - a +0 pair of gloves (worn)
 E - a +2 cloak (worn)
Jewellery
 k - a ring of positive energy (left hand)
 D - a ring of flight (right hand)
Wands
 n - a wand of polymorph (4)
 q - a wand of scattershot (2)
 x - a wand of clouds (3)
Scrolls
 g - 4 scrolls of enchant weapon {unknown}
 h - 2 scrolls of fear {unknown}
 i - a scroll of identify
 j - 5 scrolls of remove curse {unknown}
 l - 3 scrolls of teleportation {unknown}
 s - 5 scrolls of enchant armour {unknown}
 u - a scroll of fog {unknown}
 y - 4 scrolls of amnesia {unknown}
 G - a scroll of magic mapping
Potions
 m - 2 potions of agility
 o - a potion of magic
 p - 3 potions of haste
 t - 6 potions of curing
 v - 2 potions of brilliance
 w - a potion of might
 z - 3 potions of mutation
 A - a potion of berserk rage
 B - a potion of flight
 C - a potion of cancellation
 F - a potion of resistance
 I - 3 potions of heal wounds {unknown}
 J - a potion of experience {unknown}
 K - a potion of invisibility {unknown}
Comestibles
 f - 8 rations
 H - 3 chunks of flesh


   Skills:
 + Level 8.8(13.8) Fighting
 + Level 11.1(16.1) Long Blades
 + Level 8.2(13.2) Armour
 + Level 3.2(8.2) Dodging
 + Level 0.8(5.8) Stealth
 + Level 10.3(15.3) Shields
 + Level 0.1 Invocations
 + Level 0.1 Evocations


You had 9 spell levels left.
You didn't know any spells.
Your spell library contained the following spells:

 Spells                   Type           Power        Failure   Level  Hunger
 Shock                    Conj/Air       #...         95%         1    ##.....
 Swiftness                Chrm/Air       #.......     98%         2    ###....
 Static Discharge         Conj/Air       #.......     100%        3    ####...
 Airstrike                Air            #.........   100%        4    #####..
 Irradiate                Conj/Tmut      #.........   100%        5    ######.
 Lightning Bolt           Conj/Air       #.........   100%        5    ######.
 Hydra Form               Tmut           #.........   100%        6    #######
 Statue Form              Tmut/Erth      #........    100%        6    #######
 Dragon Form              Tmut           #.........   100%        7    #######


Dungeon Overview and Level Annotations

Branches:
Dungeon (9/15)             Temple (1/1) D:5          Bailey (1/1)
   Lair: D:8-11         Orc: D:9-12

Altars:
Cheibriados
Dithmenos
Elyvilon
Hepliaklqana
Kikubaaqudgha
Okawaru
Ru
Uskayaw
Yredelemnul

Shops:
D:4 !

Annotations:
D:6 2 transporters, matti1234's ghost, novice OpWr


Innate Abilities, Weirdness & Mutations

You reflexively headbutt those who attack you in melee.
You have a pair of horns on your head.


Message History

The orc knight is engulfed in poison gas.
The orc knight looks as sick as possible!
The orc knight hits you from afar with a +0 glaive.
The orc knight hits you from afar with a cursed -1 halberd!
The orc knight hits you with a cursed -1 halberd!
* * * LOW HITPOINT WARNING * * *
You block the orc knight's attack.
Unknown command.
You closely miss the orc knight.
The orc knight is almost dead.
The orc knight roars a battlecry!
The orc knight goes into a battle-frenzy!
Unknown command.
You closely miss the orc knight. Your headbutt misses the orc knight.
The orc knight is almost dead.
You block the orc knight's attack.
The orc knight hits you with a +0 glaive!!
* * * LOW HITPOINT WARNING * * *
The orc knight hits you from afar with a +0 glaive!!
You die...

#.......#
#.......#
#..§☼☼#
#''☼○§#
##...○.##
#.......#
#....o..#
#...oo..#
#.).)@..#
#...)...#
##...).##
##'))##
#.))..#
#.).).#
#.....#
#.....#
#.....#


You could see 3 orc knights.

Vanquished Creatures
  Pikel (D:4)
  An orc knight (Bailey)
  A centaur skeleton (D:9)
  A hornet (D:8)
  A hippogriff (D:7)
  Sigmund (D:2)
  A water moccasin (D:3)
  7 orc warriors (Bailey)
  An ice beast (D:6)
  3 sky beasts (D:7)
  A necrophage (D:7)
  4 ogres
  5 centaurs
  2 big kobolds
  2 bullfrogs
  2 scorpions
  A wyvern skeleton (D:8)
  5 wights (D:6)
  3 crimson imps
  A bullfrog zombie (D:5)
  5 hounds
  6 orc priests
  A bullfrog skeleton (D:4)
  A centaur zombie (D:5)
  2 jellies
  An iguana (D:8)
  9 orc wizards
  5 worker ants
  A hound skeleton (D:5)
  A howler monkey zombie (D:5)
  Robin (D:3)
  9 gnolls
  7 adders
  2 oozes
  An adder skeleton (D:4)
  A worm (D:5)
  A dart slug (D:5)
  3 leopard geckos
  58 orcs
  2 giant cockroaches
  11 goblins
  9 hobgoblins
  11 jackals
  3 quokkas
  2 ball pythons
  4 bats
  4 frilled lizards
  15 kobolds
  A quokka skeleton (D:5)
  14 rats
235 creatures vanquished.

Vanquished Creatures (others)
  2 adders (D:4)
2 creatures vanquished.

Grand Total: 237 creatures vanquished

Notes
Turn   | Place    | Note
-------+----------+-------------------------------------------
     0 | D:1      | Peloso the Minotaur Fighter began the quest for the Orb.
     0 | D:1      | Reached XP level 1. HP: 19/19 MP: 0/0
   130 | D:1      | Reached XP level 2. HP: 27/27 MP: 1/1
   704 | D:2      | Found a shadowy altar of Dithmenos.
  1051 | D:2      | Reached skill level 3 in Long Blades
  1087 | D:2      | Reached XP level 3. HP: 33/33 MP: 2/2
  1217 | D:2      | Noticed Sigmund
  1222 | D:2      | Killed Sigmund
  1222 | D:2      | Reached skill level 4 in Long Blades
  1222 | D:2      | Reached XP level 4. HP: 30/41 MP: 3/3
  1222 | D:2      | Reached XP level 5. HP: 34/47 MP: 4/4
  1357 | D:3      | Reached skill level 1 in Dodging
  1415 | D:3      | Noticed Robin
  1438 | D:3      | Killed Robin
  1438 | D:3      | Reached XP level 6. HP: 41/53 MP: 5/5
  1724 | D:3      | Noticed a water moccasin
  1736 | D:3      | Killed a water moccasin
  1736 | D:3      | Reached skill level 5 in Long Blades
  1736 | D:3      | Reached skill level 5 in Armour
  1736 | D:3      | Reached skill level 5 in Shields
  2393 | D:3      | You fall into a shaft and drop 3 floors!
  2411 | D:6      | Reached XP level 7. HP: 46/60 MP: 6/6
  2412 | D:6      | Reached skill level 6 in Long Blades
  2418 | D:6      | Reached skill level 5 in Fighting
  2701 | D:6      | Found a transporter.
  2710 | D:6      | Reached skill level 7 in Long Blades
  2713 | D:6      | Noticed matti1234's ghost (novice OpWr)
  2714 | D:6      | Found the +8 orange crystal plate armour {Archmagi, Int+3
                  | Clar}
  2717 | D:6      | Identified the +7 dire flail of Paiti {pain, *Rage rElec
                  | rPois rC- SInv}
  2721 | D:6      | Found a transporter.
  2870 | D:5      | Entered Level 5 of the Dungeon
  2897 | D:5      | Reached XP level 8. HP: 59/69 MP: 7/7
  3011 | D:5      | Found a staircase to the Ecumenical Temple.
  3017 | Temple   | Entered the Ecumenical Temple
  3083 | Temple   | Became a worshipper of Warmaster Okawaru
  3617 | D:4      | Found Akhloyqel's Distillery.
  3659 | D:4      | Noticed Pikel
  3665 | D:4      | Killed Pikel
  3665 | D:4      | Reached * piety under Okawaru
  3665 | D:4      | Reached skill level 8 in Long Blades
  4150 | D:4      | Bought 2 potions of mutation for 208 gold pieces
  4425 | D:5      | Reached skill level 9 in Long Blades
  4427 | D:5      | Reached XP level 9. HP: 55/75 MP: 8/8
  5933 | D:7      | Reached ** piety under Okawaru
  6232 | D:7      | Reached skill level 10 in Long Blades
  6530 | D:8      | Reached XP level 10. HP: 85/88 MP: 9/9
  7094 | D:9      | Reached *** piety under Okawaru
  7109 | D:9      | Found a flagged portal.
  7124 | Bailey   | Entered a bailey
  7377 | Bailey   | Reached skill level 10 in Shields
  7558 | Bailey   | Noticed an orc knight
  7587 | Bailey   | Killed an orc knight
  7587 | Bailey   | Reached skill level 11 in Long Blades
  7675 | Bailey   | Noticed an orc knight
  7675 | Bailey   | Noticed an orc knight
  7683 | Bailey   | Noticed an orc knight
  7693 | Bailey   | HP: 1/90 [orc knight/+0 glaive (23)]
  7693 | Bailey   | Annihilated by an orc knight

Levels and vault maps discovered:
D:1:      psy_arrival_radial01, layout_basic, nrook_mini_vaults,
          kennysheep_boxes
D:2:      layout_rooms, nicolae_dithmenos_through_a_glass_darkly, uniq_sigmund
D:3:      layout_loops_cross, uniq_robin
D:4:      layout_loops_ring, serial_shops, shop, minivault_27, uniq_pikel
D:5:      layout_basic, temple_doors_cd, first_ration
D:6:      layout_gridville, gammafunk_ghost_smash, serial_park_tiny_2
D:7:      layout_basic
D:8:      layout_loops_cross
D:9:      layout_irregular_city, orc_0_dummy, enter_bailey_3
Temple:   roderic_octagonal_lattice_temple
Bailey:   bailey_polearm_5, bailey

Skill      XL: |  1  2  3  4  5  6  7  8  9 10 |
---------------+-------------------------------+-----
Armour         | 4 5 6 7 8 |  8.2
Shields        | 4 5 6 8 9 10 | 10.3
Long Blades    | 3 4 5 7 9 10 11 | 11.1
Fighting       | 4 5 6 8 |  8.8
Dodging        | 1 2 3 |  3.2
Stealth        | |  0.8
Invocations    | |  0.1
Evocations     | |  0.1

Action                   |  1- 3 |  4- 6 |  7- 9 | 10-12 || total
-------------------------+-------+-------+-------+-------++-------
Melee: Long sword        |    57 |    66 |   345 |   113 ||   581
       Headbutt          |     7 |    11 |    79 |    23 ||   120
Invok: Heroism           |       |       |       |     4 ||     4
Evoke: Wand              |       |       |       |     9 ||     9
  Use: Potion            |     2 |     5 |       |       ||     7
       Scroll            |       |       |     1 |     6 ||     7
  Eat: Chunk             |       |     4 |    13 |     2 ||    19
       Ration            |       |       |       |     1 ||     1
Armor: Scale mail        |    22 |    31 |     4 |       ||    57
       Chain mail        |       |       |   178 |    42 ||   220
Dodge: Dodged            |    15 |    31 |    83 |    53 ||   182
Block: Shield            |    34 |    47 |   203 |   106 ||   390
       Rpst.: Long sword |     2 |     8 |    19 |     7 ||    36
